 Dungeon Crawl Stone Soup version 0.29-a0-464-g50448035db (webtiles) character file.

Game seed: 8087583214750911383

4 Bruhh the Skirmisher (level 1, 24/24 HPs)
             Began as an Ogre Fighter on May 20, 2022.
             Quit the game on level 1 of the Dungeon.
             The game lasted 00:00:17 (143 turns).

Bruhh the Skirmisher (Ogre Fighter)                  Turns: 143, Time: 00:00:18

Health: 24/24      AC:  3    Str: 19    XL:     1   Next: 70%
Magic:  1/1        EV:  8    Int:  9    God:
Gold:   12         SH:  7    Dex:  8    Spells: 0/0 levels left

rFire   . . .      SeeInvis .   a - +0 war axe
rCold   . . .      Faith    .   c - +0 kite shield
rNeg    . . .      Spirit   .   b - +0 robe
rPois   .          Reflect  .   (helmet restricted)
rElec   .          Harm     .   (no cloak)
rCorr   .          Rampage  .   (gloves unavailable)
Will    .....                   (boots unavailable)
Stlth   +.........              (no amulet)
HPRegen 0.08/turn               (no ring)
MPRegen 0.07/turn               (no ring)

@: no status effects
A: large, unfitting armour, tough skin 1
a: no special abilities


You were on level 1 of the Dungeon.
You visited 1 branch of the dungeon, and saw 1 of its levels.

You collected 12 gold pieces.

Inventory:

Hand Weapons
 a - a +0 war axe (weapon)
Armour
 b - a +0 robe (worn)
 c - a +0 kite shield (worn)
Scrolls
 e - a scroll of identify {unknown}
Potions
 d - a potion of might


   Skills:
 * Level 4.0 Fighting
 - Level 2.4 Axes
 - Level 2.6 Dodging
 - Level 3.0 Shields


You couldn't memorise any spells.
You didn't know any spells.
Your spell library was empty.

Dungeon Overview and Level Annotations

Branches:
Dungeon (1/15)

Altars:


Innate Abilities, Weirdness & Mutations

You are too large for most types of armour.
You have tough skin. (AC +1)


Message History

No target in view!
No target in view!
No target in view!
No target in view!
No target in view!
No target in view!
No target in view!
No target in view!
No target in view!
No target in view!
No target in view!
No target in view!
HP restored.
Found a faded altar of an unknown god.
Things that are here:
a +0 dagger; a hobgoblin corpse; a goblin corpse You now have 12 gold pieces.
There is a faded altar of an unknown god here.
e - a scroll labelled KEIBI SUOBLEJ
There is a faded altar of an unknown god here.
You open the door.
There is an open door here.
A bat comes into view.
A bat is nearby!
The bat hits you but does no damage.
You hit the bat.
You kill the bat!
No target in view!
No target in view!
No target in view!
No target in view!
No target in view!
No target in view!
You see here a bat corpse.
A dart slug comes into view.
A dart slug is nearby!
The dart slug launches a dart at you. You block the slug dart.
Unknown command.
Are you sure you want to abandon this character and quit the game? (Confirm with "yes".)

#.# #.# #.# #### #.###
...# #... ...#######
#.w# .≈.#.....#
#..######
.≈.#####.#######@.......
###'.......†......#####.
.≈.##############.# .≈.#
.# ...# .# ...# .. ####
##


You could see a dart slug.

Vanquished Creatures
  A hobgoblin (D:1)
  A quokka (D:1)
  2 bats (D:1)
  A goblin (D:1)
5 creatures vanquished.

Notes
Turn   | Place    | Note
-------+----------+-------------------------------------------
     0 | D:1      | Bruhh the Ogre Fighter began the quest for the Orb.
     0 | D:1      | Reached XP level 1. HP: 24/24 MP: 1/1
   108 | D:1      | Found a faded altar of an unknown god.
   143 | D:1      | Quit the game

Illustrated notes

Levels and vault maps discovered:
D:1:      minmay_arrival_plants_in_alcoves, layout_loops_ring,
          shapermc_ecumenical_altar_notcrosses, minmay_misc_feat_square,
          minmay_worlds_worst_comb

Action                   || total
-------------------------++-------
Melee: War axe           ||    10
Armor: Robe              ||     2
Dodge: Dodged            ||     1
Block: Kite shield       ||     5

Table legend: (Time is in decaauts)
 A = Elapsed time spent in this place.
 B = Non-inter-level travel time spent in this place.
 C = Inter-level travel time spent in this place.
 D = Time resting spent in this place.
 E = Time spent auto-exploring this place.
 F = Levels seen in this place.
 G = Mean time per level.
                   A        B        C        D        E       F      G
               +--------+--------+--------+--------+--------+-----+--------+
         Total |    148 |    148 |      0 |      0 |    125 |   1 |  148.0 |
       Dungeon |    148 |    148 |      0 |      0 |    125 |   1 |  148.0 |
               +--------+--------+--------+--------+--------+-----+--------+

Top non-repeatable levels by time:
     D:1: 148 daAuts
